 Dungeon Crawl Stone Soup version 0.21-a0-297-ga3d34c2 (webtiles) character file.

2640 vatarom the Skirmisher (level 9, -4/72 HPs)
             Began as a Gnoll Wanderer on Sept 28, 2017.
             Slain by a two-headed ogre
             ... wielding a +0 giant club
              (18 damage)
             ... on level 8 of the Dungeon.
             The game lasted 00:27:07 (6727 turns).

vatarom the Skirmisher (Gnoll Wanderer)             Turns: 6727, Time: 00:27:08

Health: -4/72      AC: 10    Str: 15    XL:     9   Next: 61%
Magic:  17/17      EV: 14    Int: 20    God:
Gold:   333        SH:  2    Dex: 18    Spells: 19/19 levels left

rFire    . . .     SeeInvis .   b - +0 hand crossbow
rCold    . . .     Gourm    .   (no shield)
rNeg     . . .     Faith    .   s - +2 ring mail {rPois}
rPois    +         Spirit   .   (no helmet)
rElec    .         Reflect  +   h - +1 cloak
rCorr    .         Harm     .   (no gloves)
MR       .....                  (no boots)
Stlth    +++.......             w - +2 amulet of reflection
HPRegen  0.22/turn              k - +6 ring of intelligence
MPRegen  0.15/turn              (no ring)

@: no status effects
A: distributed training, fangs 1, strong nose
a: no special abilities


You were on level 8 of the Dungeon.
You were full.

You visited 2 branches of the dungeon, and saw 9 of its levels.
You also visited: Sewer.

You collected 333 gold pieces.

Inventory:

Hand Weapons
 a - a +1 antimagic hand axe
 b - a +0 hand crossbow (weapon)
Missiles
 c - 13 bolts (quivered)
 y - 19 arrows
Armour
 h - a +1 cloak (worn)
 s - a +2 ring mail of poison resistance (worn)
Jewellery
 k - a +6 ring of intelligence (left hand)
 w - a +2 amulet of reflection (around neck)
Wands
 f - a wand of flame (48/48)
 i - a wand of lightning (11/15)
 m - a wand of lightning (10/15)
 t - a wand of digging (14/24)
 x - a wand of random effects (26/48)
 z - a wand of iceblast (8/15)
 A - a wand of confusion (16/48)
 B - a wand of lightning (5/15)
Scrolls
 d - 3 scrolls of remove curse
 j - 5 scrolls of identify
 l - a scroll of teleportation
 o - a scroll of enchant armour
Potions
 e - a potion of brilliance
 g - 3 potions of flight
 r - 2 potions of curing
Comestibles
 n - 2 bread rations
 p - 4 meat rations
 q - 4 royal jellies


   Skills:
 + Level 7.6 Fighting
   Level 4.8 Short Blades
 + Level 3.9 Long Blades
 + Level 5.0 Axes
 + Level 3.7 Maces & Flails
 + Level 4.2 Polearms
 + Level 3.9 Staves
 + Level 3.5 Slings
 + Level 5.5 Bows
 + Level 3.9 Crossbows
 + Level 3.1 Throwing
 + Level 4.7 Armour
 + Level 4.9 Dodging
 + Level 6.0 Stealth
   Level 0.0 Stabbing
 + Level 4.0 Shields
   Level 0.0 Traps
 + Level 4.0 Unarmed Combat
 + Level 5.7 Spellcasting
 + Level 4.2 Conjurations
 + Level 3.7 Hexes
 + Level 4.4 Charms
 + Level 4.5 Summonings
 + Level 4.7 Necromancy
 + Level 3.9 Translocations
 + Level 3.9 Transmutations
 + Level 4.2 Fire Magic
 + Level 4.7 Ice Magic
 + Level 4.4 Air Magic
 + Level 4.0 Earth Magic
 + Level 3.7 Poison Magic
 + Level 5.7 Invocations
 + Level 5.9 Evocations


You had 19 spell levels left.
You didn't know any spells.

Dungeon Overview and Level Annotations

Branches:
Dungeon (8/15)             Temple (1/1) D:5
   Lair: D:8-11

Altars:
Cheibriados
Elyvilon
Fedhas
Gozag
Hepliaklqana
Kikubaaqudgha
Makhleb
Nemelex Xobeh
Okawaru
Qazlal
Ru
Sif Muna
Trog
Uskayaw
Vehumet
Wu Jian
Xom
Yredelemnul
Zin
The Shining One

Shops:
D:7 %

Annotations:
D:5 Prince Ribbit
D:8 Erica


Innate Abilities, Weirdness & Mutations

Your experience applies equally to all skills.
You have very sharp teeth.
Your uncanny sense of smell can sniff out nearby items.


Message History

* * * LOW HITPOINT WARNING * * *
Firing (i - inventory):
c - 14 bolts (quivered)
Press: ? - help, Shift-Dir - straight line, f/p - two-headed ogre
Aim: a two-headed ogre, wielding two giant clubs (severely wounded)
You shoot a bolt. The bolt hits the two-headed ogre!
The two-headed ogre is almost dead.
The two-headed ogre hits you with a giant club!
* * * LOW HITPOINT WARNING * * *
The two-headed ogre misses you.
Firing (i - inventory):
c - 13 bolts (quivered)
Press: ? - help, Shift-Dir - straight line, f/p - two-headed ogre
Aim: a two-headed ogre, wielding two giant clubs (almost dead)
Okay, then.
Okay, then.
You feel much better. The two-headed ogre barely misses you.
The two-headed ogre hits you with a giant club!
* * * LOW HITPOINT WARNING * * *
The two-headed ogre barely misses you.
The two-headed ogre hits you with a giant club!!
You die...

#... #... ∆ #... +......# #...
(.... #......# #... ####(..#
#......# #...
..8##..#.(.#######......# #...
...##..#.........+......# #...
..._#..#...(....@#......# #...
...##..#....(..O.#......######...
..8##..#.....(...#...............
>## #..#...(.....#...............
#####..#...(.....#...............
o......###########...............
####.............................
#...................##########
#...................#


You could see a two-headed ogre.

Vanquished Creatures
  Sigmund (D:3)
  Eustachio (D:6)
  A water moccasin (D:5)
  An ice beast (D:8)
  An orc warrior (D:7)
  2 necrophages
  A phantom (D:5)
  2 sky beasts (D:5)
  An ogre (D:6)
  The ghost of Ijustatesigmund the Skirmisher, an amateur OpFi (D:3)
  A centaur (D:6)
  A big kobold (Sewer)
  2 bullfrogs
  3 scorpions
  3 killer bees (D:7)
  A howler monkey (D:4)
  A crimson imp (D:7)
  A quasit (D:8)
  6 hounds
  2 orc priests
  3 orc wizards
  An iguana (D:4)
  A centaur skeleton (D:5)
  6 worker ants
  A killer bee zombie (D:6)
  A hound zombie (D:6)
  6 gnolls
  5 adders
  2 river rats (Sewer)
  A shadow imp (D:6)
  2 adder zombies (D:6)
  5 worms
  5 leopard geckos
  19 orcs
  3 ball pythons
  3 giant cockroaches
  7 goblins
  4 hobgoblins
  6 jackals
  8 kobolds
  2 quokkas
  3 bats
  5 frilled lizards
  10 rats
142 creatures vanquished.

Notes
Turn   | Place    | Note
-------+----------+-------------------------------------------
     0 | D:1      | vatarom the Gnoll Wanderer began the quest for the Orb.
     0 | D:1      | vatarom set off with: a wand of flame (15/48), a +0 hand crossbow, 26 bolts, a potion of curing, a +0 robe, a +0 dagger, a bread ration
     0 | D:1      | Reached XP level 1. HP: 23/23 MP: 2/2
    20 | D:1      | Reached skill level 1 in Axes
    43 | D:1      | Reached skill level 1 in Invocations
    48 | D:1      | Reached XP level 2. HP: 29/29 MP: 3/3
   124 | D:1      | Reached skill level 1 in Spellcasting
   166 | D:1      | Reached skill level 1 in Necromancy
   603 | D:2      | Reached skill level 1 in Charms
   666 | D:2      | Reached XP level 3. HP: 35/35 MP: 4/4
   772 | D:2      | Reached skill level 1 in Fire Magic
  1114 | D:3      | Reached skill level 1 in Conjurations
  1115 | D:3      | Noticed Sigmund
  1122 | D:3      | Killed Sigmund
  1122 | D:3      | Reached skill level 1 in Short Blades
  1122 | D:3      | Reached skill level 1 in Polearms
  1122 | D:3      | Reached skill level 1 in Staves
  1122 | D:3      | Reached skill level 1 in Slings
  1122 | D:3      | Reached skill level 1 in Shields
  1122 | D:3      | Reached skill level 1 in Unarmed Combat
  1122 | D:3      | Reached skill level 1 in Hexes
  1122 | D:3      | Reached skill level 1 in Summonings
  1122 | D:3      | Reached skill level 1 in Translocations
  1122 | D:3      | Reached skill level 1 in Earth Magic
  1122 | D:3      | Reached skill level 1 in Poison Magic
  1122 | D:3      | Reached XP level 4. HP: 25/41 MP: 4/7
  1122 | D:3      | Reached XP level 5. HP: 29/47 MP: 4/8
  1390 | D:3      | Noticed Ijustatesigmund's ghost (amateur OpFi)
  1406 | D:3      | Killed Ijustatesigmund's ghost
  1406 | D:3      | Reached skill level 1 in Long Blades
  1406 | D:3      | Reached skill level 1 in Maces & Flails
  1406 | D:3      | Reached skill level 1 in Transmutations
  1406 | D:3      | Reached XP level 6. HP: 18/53 MP: 9/9
  1632 | D:3      | Reached skill level 1 in Crossbows
  1759 | D:3      | Found a burning altar of Makhleb.
  1845 | D:4      | Reached skill level 1 in Ice Magic
  1923 | D:4      | Reached skill level 5 in Stealth
  2264 | D:4      | Reached XP level 7. HP: 47/59 MP: 9/11
  2421 | D:4      | Found a snail-covered altar of Cheibriados.
  2611 | D:5      | Entered Level 5 of the Dungeon
  2946 | D:5      | Reached skill level 5 in Bows
  3051 | D:5      | Reached skill level 1 in Throwing
  3127 | D:5      | Reached XP level 8. HP: 44/65 MP: 14/14
  3261 | D:5      | Found a staircase to the Ecumenical Temple.
  3307 | Temple   | Entered the Ecumenical Temple
  3769 | D:6      | Noticed Prince Ribbit
  3885 | D:6      | Noticed Eustachio
  3914 | D:5      | Reached skill level 5 in Spellcasting
  4164 | D:6      | Killed Eustachio
  4313 | D:6      | Found a glowing drain.
  4467 | Sewer    | Entered a sewer
  4556 | Sewer    | Reached skill level 7 in Fighting
  4616 | Sewer    | Found a white marble altar of Elyvilon.
  4708 | D:6      | Reached XP level 9. HP: 72/72 MP: 17/17
  4728 | D:6      | Found a white marble altar of Elyvilon.
  4764 | D:6      | Got a distressingly furry robe
  4765 | D:6      | Identified the cursed +1 robe of the Game of Kings {rPois Str-4 Int+6 Dex+9} (You found it on level 6 of the Dungeon)
  4809 | D:6      | Reached skill level 5 in Invocations
  5243 | D:7      | Reached skill level 5 in Evocations
  5571 | D:7      | Found a stormy altar of Qazlal.
  5573 | D:7      | Found a shimmering altar of Xom.
  5573 | D:7      | Found a basalt altar of Yredelemnul.
  5575 | D:7      | Found a shadowy altar of Dithmenos.
  5575 | D:7      | Found a radiant altar of Vehumet.
  5575 | D:7      | Found a snail-covered altar of Cheibriados.
  5722 | D:7      | Found Fonuts's Food Shoppe.
  6180 | D:7      | Reached skill level 5 in Axes
  6345 | D:8      | Found a blossoming altar of Fedhas.
  6347 | D:8      | Found a sacrificial altar of Ru.
  6350 | D:8      | Noticed Erica
  6715 | D:8      | Noticed a two-headed ogre
  6723 | D:8      | HP: 2/72 [two-headed ogre/giant club (9)]
  6727 | D:8      | Slain by a two-headed ogre

Vault maps used:
D:1:      saegor_arrival_simple_d
D:3:      first_bread, makhleb_heckhound_becter, uniq_sigmund
D:4:      overflow_temple_1_default
D:5:      temple_doors_e, enter_ossuary_1
D:6:      kennysheep_mini_moat, cheibrodos_sewer_entry_drain, uniq_eustachio,
          uniq_prince_ribbit1
D:7:      serial_shops, nicolae_shop_stone, doesnt_xom_only_xom
D:8:      nicolae_overflow_hidden_temple, uniq_erica
Temple:   regret_index_temple_sphere_string
Sewer:    sewer_kobolds

Skill      XL: |  1  2  3  4  5  6  7  8  9 |
---------------+----------------------------+-----
Axes           | 1 2 3 4 5 |  5.0
Invocations    | 1 2 3 4 5 |  5.7
Spellcasting   | 1 2 4 5 |  5.7
Necromancy     | 1 2 3 4 |  4.7
Charms         | 1 2 3 4 |  4.4
Fire Magic     | 1 2 3 4 |  4.2
Conjurations   | 2 3 4 |  4.2
Short Blades   | 1 2 4 |  4.8
Polearms       | 1 2 3 4 |  4.2
Staves         | 1 3 |  3.9
Slings         | 1 2 3 |  3.5
Armour         | 3 4 |  4.7
Shields        | 1 2 3 4 |  4.0
Unarmed Combat | 1 2 3 4 |  4.0
Hexes          | 1 2 3 |  3.7
Summonings     | 1 2 3 4 |  4.5
Translocations | 1 2 3 |  3.9
Air Magic      | 2 3 4 |  4.4
Earth Magic    | 1 2 3 4 |  4.0
Poison Magic   | 1 2 3 |  3.7
Long Blades    | 1 2 3 |  3.9
Maces & Flails | 1 2 3 |  3.7
Dodging        | 3 4 |  4.9
Transmutations | 1 2 3 |  3.9
Evocations     | 3 4 5 |  5.9
Crossbows      | 1 2 3 |  3.9
Ice Magic      | 1 2 4 |  4.7
Stealth        | 5 6 |  6.0
Bows           | 5 |  5.5
Throwing       | 1 2 3 |  3.1
Fighting       | 7 |  7.6

Action                   |  1- 3 |  4- 6 |  7- 9 || total
-------------------------+-------+-------+-------++-------
Melee: Dagger            |     2 |       |    57 ||    59
       Bite              |     1 |       |    31 ||    32
       Unarmed           |       |     4 |     2 ||     6
       Hand crossbow     |       |       |     3 ||     3
       Hand axe          |       |       |   154 ||   154
       Punch             |       |       |     5 ||     5
 Fire: Hand crossbow     |    59 |    56 |   364 ||   479
  Use: Potion            |     5 |     1 |     4 ||    10
       Scroll            |     7 |     1 |     6 ||    14
  Eat: Bread ration      |       |     1 |     2 ||     3
       Chunk             |       |       |     7 ||     7
       Royal jelly       |       |       |     2 ||     2
Armor: Robe              |     2 |     1 |       ||     3
       Leather armour    |       |     9 |    22 ||    31
       Ring mail         |       |       |   170 ||   170
Dodge: Dodged            |     2 |    34 |   356 ||   392
Block: Other             |       |       |    14 ||    14

Table legend:
 A = Spawn XP
 B = Non-spawn XP
 C = Spawn XP percentage of total XP
 D = Spawn monster count
 E = Non-spawn monster count
 F = Spawn count percentage of total count
 G = Total turns spent on level
                    A         B        C        D         E        F      G
               +---------+---------+-------+---------+---------+-------+---------
         Total |       0 |    3772 |   0.0 |       0 |     142 |   0.0 |  6727
               +---------+---------+-------+---------+---------+-------+---------
           D:1 |       0 |      27 |   0.0 |       0 |      16 |   0.0 |   548
           D:2 |       0 |      29 |   0.0 |       0 |       7 |   0.0 |   399
           D:3 |       0 |     431 |   0.0 |       0 |      18 |   0.0 |   891
           D:4 |       0 |     202 |   0.0 |       0 |       9 |   0.0 |   773
           D:5 |       0 |     812 |   0.0 |       0 |      26 |   0.0 |  1295
           D:6 |       0 |     900 |   0.0 |       0 |      23 |   0.0 |   766
           D:7 |       0 |     941 |   0.0 |       0 |      25 |   0.0 |  1193
           D:8 |       0 |     286 |   0.0 |       0 |       6 |   0.0 |   482
         Sewer |       0 |     144 |   0.0 |       0 |      12 |   0.0 |   216
               +---------+---------+-------+---------+---------+-------+---------
